 Dungeon Crawl Stone Soup version 0.31-a0-202-g547052bce9 (webtiles) character file.

Game seed: 3078359676517438971

1763 qw the Skirmisher (level 8, 0/46 HPs)
             Began as a Deep Elf Hunter on June 26, 2023.
             Slain by Maggie
             ... wielding a +0 broad axe of flaming
              (1 damage)
             ... on level 7 of the Dungeon.
             The game lasted 00:02:19 (5478 turns).

qw the Skirmisher (Deep Elf Hunter)                 Turns: 5478, Time: 00:02:20

Health: 0/46       AC: 13    Str: 10    XL:     8   Next: 79%
Magic:  10/10      EV: 12    Int: 13    God:
Gold:   222        SH:  0    Dex: 18    Spells: 7/7 levels left

rFire   + . .        Y - +0 shortbow
rCold   + . .        (shield currently unavailable)
rNeg    . . .        i - +2 ring mail {rF+}
rPois   .            (no helmet)
rElec   .            (no cloak)
rCorr   .            j - +1 Delatra's gloves {ID++}
SInv    .            (no boots)
Will    .....        (no amulet)
Stlth   +            b - +4 ring of protection
HPRegen 0.27/turn    f - ring of protection from cold
MPRegen 0.12/turn

%: no passive effects
@: mesmerised
A: hooves 2, dopey 1
a: no special abilities


You were on level 7 of the Dungeon.
You visited 1 branch of the dungeon, and saw 7 of its levels.

You collected 222 gold pieces.


Innate Abilities, Weirdness & Mutations

You have hoof-like feet.
You are dopey. (Int -2)


   Skills:
 - Level 3.3 Fighting
 + Level 13.8 Ranged Weapons
 - Level 1.1 Armour
 - Level 4.9 Dodging
 - Level 1.2 Stealth


You had 7 spell levels left.
You didn't know any spells.
Your spell library was empty.

Inventory:

Hand Weapons
 Y - a +0 shortbow (weapon)
Armour
 i - a +2 ring mail of fire resistance (worn)
 j - the +1 Delatra's gloves (worn) {ID++}
   (You found it on level 5 of the Dungeon)

   ID++:      It heals its wearer when they drink unknown potions, and restores
   their MP when they read unknown scrolls.
Jewellery
 b - a +4 ring of protection (left hand)
 f - a ring of protection from cold (right hand)
 g - a ring of fire
 h - a ring of fire
Scrolls
 a - 8 scrolls of identify
 d - 2 scrolls of teleportation
Potions
 c - a potion of enlightenment
 e - a potion of curing
 k - a potion of mutation

Dungeon Overview and Level Annotations

Branches:
Dungeon (7/15)             Temple (0/1) D:7

Altars:
Dithmenos
Fedhas
Kikubaaqudgha
Trog

Shops:
D:7 (

Annotations:
D:7 Maggie


Message History

The arrow hits Maggie but does no damage.
Maggie is lightly wounded.
Maggie misses you.
You shoot an arrow.
The arrow hits Maggie but does no damage.
Maggie is lightly wounded.
Maggie hits you with a +0 broad axe of flaming.
You shoot an arrow. The arrow closely misses Maggie.
Maggie points at you and mumbles some strange words.
The bolt of fire hits you! You resist.
You shoot an arrow.
The arrow hits Maggie but does no damage.
Maggie is lightly wounded.
Maggie hits you with a +0 broad axe of flaming!
Maggie burns you.
You shoot an arrow. The arrow hits Maggie.
Maggie is lightly wounded.
Maggie hits you with a +0 broad axe of flaming.
Maggie burns you.
You shoot an arrow.
The arrow hits Maggie but does no damage.
Maggie is lightly wounded.
Maggie barely misses you.
You shoot an arrow. The arrow hits Maggie.
Maggie is lightly wounded.
You shoot an arrow. The arrow completely misses Maggie.
Maggie hits you with a +0 broad axe of flaming.
You shoot an arrow.
The arrow hits Maggie but does no damage.
Maggie is lightly wounded.
Maggie gestures wildly while chanting.
Maggie attempts to bespell you!
You are mesmerised by Maggie!
You shoot an arrow. The arrow hits Maggie.
Maggie is moderately wounded.
Maggie closely misses you.
You shoot an arrow. The arrow closely misses Maggie.
Maggie hits you with a +0 broad axe of flaming!
Maggie burns you.
You die...

#..#.#.#.#
#.)#.#.#.#
#........#
#..#.#.###
#..#.....#
#..#..<#.#
##########..#####.#
........##..#.....#
.......@....##.####
....#.8@###.##.#..#
......... #)##...<#
....8.>.8# .#######
.........# .#
....#.8.## .#
##....... .#
#.#..### ##


You could see Maggie (mesmerising).

Vanquished Creatures
  Sigmund (D:4)
  3 water moccasins
  2 black bears
  2 centaurs
  A kobold brigand (D:6)
  A bullfrog (D:6)
  2 scorpions (D:6)
  A wight (D:6)
  5 hounds
  An orc priest (D:6)
  A gnoll bouda (D:6)
  3 iguanas
  2 sleepcaps
  2 orc wizards (D:6)
  Natasha (D:2)
  7 gnolls
  8 adders
  A shadow imp (D:6)
  3 worms
  3 dart slugs
  10 orcs
  3 ball pythons
  11 bats
  An endoplasm (D:1)
  4 giant cockroaches
  11 goblins
  4 hobgoblins
  2 quokkas
  5 frilled lizards
  12 kobolds
  6 rats
119 creatures vanquished.

Notes
Turn   | Place    | Note
-------+----------+-------------------------------------------
     0 | D:1      | qw the Deep Elf Hunter began the quest for the Orb.
     0 | D:1      | Reached XP level 1. HP: 12/12 MP: 3/3
     0 | D:1      | 0 ||| qw: Version: 0.3-a-22-g0ed2b0b
     0 | D:1      | 0 ||| qw: Game counter: 5997
     0 | D:1      | 0 ||| qw: Melee chars always use a shield: true
     0 | D:1      | 0 ||| qw: God list: Okawaru
     0 | D:1      | 0 ||| qw: Allow faded altars: false
     0 | D:1      | 0 ||| qw: Do Orc after clearing Dungeon:15 true
     0 | D:1      | 0 ||| qw: Do second Lair branch before Depths: true
     0 | D:1      | 0 ||| qw: Lair rune preference: random
     0 | D:1      | 0 ||| qw: Goals: Normal
     0 | D:1      | 0 ||| PLANNING D:1-11
   150 | D:1      | Reached XP level 2. HP: 16/16 MP: 4/4
   186 | D:1      | Reached skill level 6 in Ranged Weapons
   581 | D:1      | Reached XP level 3. HP: 20/20 MP: 5/5
   887 | D:1      | 887 ||| READING 2 scrolls labelled CYITHU OMEW.
   888 | D:1      | 888 ||| READING scroll labelled WUUMAO GUSI.
   889 | D:1      | 889 ||| DROPPING scroll of butterflies.
  1159 | D:2      | Reached skill level 7 in Ranged Weapons
  1214 | D:2      | Noticed Natasha
  1221 | D:2      | Killed Natasha
  1222 | D:2      | Reached XP level 4. HP: 8/25 MP: 6/6
  1480 | D:2      | 1480 ||| UPGRADING to +0 pair of gloves.
  1485 | D:2      | 1485 ||| UPGRADING to +4 ring of protection.
  1486 | D:2      | 1486 ||| READING 2 scrolls labelled FETHRO DEIKLIDE.
  1489 | D:2      | 1489 ||| READING scroll labelled TAIDIT METZIUD.
  1490 | D:2      | 1490 ||| READING scroll labelled ANAINK TAFA.
  1491 | D:2      | 1491 ||| READING 2 scrolls of identify.
  1491 | D:2      | 1491 ||| IDENTIFYING ruby potion
  1492 | D:2      | 1492 ||| DROPPING potion of degeneration.
  1540 | D:3      | Found an ancient bone altar of Kikubaaqudgha.
  1555 | D:3      | Found a shadowy altar of Dithmenos.
  1810 | D:3      | Reached skill level 8 in Ranged Weapons
  2406 | D:3      | 2406 ||| READING 3 scrolls of identify.
  2406 | D:3      | 2406 ||| IDENTIFYING metallic red potion
  2407 | D:3      | 2407 ||| READING 2 scrolls of identify.
  2407 | D:3      | 2407 ||| IDENTIFYING metallic silvery potion
  2408 | D:3      | 2408 ||| DROPPING potion of berserk rage.
  2409 | D:3      | 2409 ||| DROPPING potion of brilliance.
  2457 | D:4      | Reached XP level 5. HP: 29/29 MP: 7/7
  2499 | D:4      | Found a blossoming altar of Fedhas.
  2523 | D:4      | Found a bloodstained altar of Trog.
  2633 | D:4      | Reached skill level 9 in Ranged Weapons
  2645 | D:4      | Reached skill level 3 in Dodging
  2857 | D:4      | Noticed Sigmund
  2859 | D:4      | 2859 ||| FLEEEEING.
  2860 | D:4      | 2860 ||| FLEEEEING.
  2861 | D:4      | 2861 ||| FLEEEEING.
  2875 | D:4      | Killed Sigmund
  2876 | D:4      | Reached skill level 3 in Fighting
  2876 | D:4      | Reached XP level 6. HP: 26/37 MP: 8/8
  3140 | D:4      | 3140 ||| UPGRADING to +0 ring mail.
  3150 | D:4      | 3150 ||| DROPPING +0 leather armour.
  3151 | D:4      | 3151 ||| UPGRADING to ring of protection from cold.
  3152 | D:4      | 3152 ||| READING scroll labelled JIDIUJ APPOMIQ.
  3153 | D:4      | 3153 ||| READING scroll labelled BAM NOKAERGHAKEA.
  3154 | D:4      | 3154 ||| DRINKING 2 yellow potions.
  3155 | D:4      | 3155 ||| DRINKING 2 fizzy sapphire potions.
  3155 | D:4      | Gained mutation: You have large cloven feet. [potion of
                  | mutation]
  3155 | D:4      | Gained mutation: You are dopey. (Int -2) [potion of
                  | mutation]
  3155 | D:4      | Gained mutation: You have hoof-like feet. [potion of
                  | mutation]
  3174 | D:5      | Entered Level 5 of the Dungeon
  3241 | D:5      | Noticed a water moccasin
  3254 | D:5      | Killed a water moccasin
  3573 | D:5      | Noticed a water moccasin
  3588 | D:5      | Killed a water moccasin
  3589 | D:5      | Reached skill level 10 in Ranged Weapons
  3589 | D:5      | Reached XP level 7. HP: 15/41 MP: 9/9
  3780 | D:5      | Reached skill level 1 in Armour
  3843 | D:5      | Found the +1 Delatra's gloves {ID++}
  4159 | D:5      | 4159 ||| UPGRADING to +1 Delatra's gloves {ID++}.
  4169 | D:5      | 4169 ||| DROPPING +0 pair of gloves.
  4170 | D:5      | 4170 ||| DRINKING 2 brown potions.
  4269 | D:6      | Reached skill level 11 in Ranged Weapons
  4301 | D:6      | 4301 ||| FLEEEEING.
  4302 | D:6      | 4302 ||| FLEEEEING.
  4320 | D:6      | 4320 ||| DRINKING potion of curing.
  4320 | D:6      | 4320 ||| (to cure confusion)
  4426 | D:6      | 4426 ||| FLEEEEING.
  4427 | D:6      | 4427 ||| FLEEEEING.
  4428 | D:6      | 4428 ||| FLEEEEING.
  4428 | D:6      | HP: 10/41 [something/magic dart (2)]
  4429 | D:6      | 4429 ||| STAIRDANCE
  4545 | D:5      | 4545 ||| UPGRADING to +2 ring mail of fire resistance.
  4555 | D:5      | 4555 ||| DROPPING +0 ring mail.
  4635 | D:6      | Reached skill level 12 in Ranged Weapons
  4635 | D:6      | Reached XP level 8. HP: 17/46 MP: 10/10
  4636 | D:6      | HP: 11/46 [gnoll/+0 spear[a gnoll bouda] (3)]
  4637 | D:6      | 4637 ||| READING 3 scrolls of teleportation.
  4637 | D:6      | HP: 5/46 [gnoll/+0 spear[a gnoll bouda] (7)]
  4641 | D:6      | HP: 2/46 [bullfrog (4)]
  4745 | D:6      | 4745 ||| FLEEEEING.
  4746 | D:6      | 4746 ||| FLEEEEING.
  4755 | D:6      | 4755 ||| STAIRDANCE
  4872 | D:6      | 4872 ||| Stepping ~*~*~tactically~*~*~ (outnumbered).
  4874 | D:6      | 4874 ||| Stepping ~*~*~tactically~*~*~ (outnumbered).
  4876 | D:6      | 4876 ||| Stepping ~*~*~tactically~*~*~ (outnumbered).
  4951 | D:6      | 4951 ||| FLEEEEING.
  4952 | D:6      | 4952 ||| FLEEEEING.
  4954 | D:6      | 4954 ||| FLEEEEING.
  4955 | D:6      | 4955 ||| FLEEEEING.
  4956 | D:6      | 4956 ||| FLEEEEING.
  4957 | D:6      | 4957 ||| FLEEEEING.
  5162 | D:6      | Reached skill level 13 in Ranged Weapons
  5331 | D:6      | 5331 ||| DROPPING ring of magical power.
  5373 | D:7      | Found Gastaesu's Weapon Boutique.
  5459 | D:7      | Found a staircase to the Ecumenical Temple.
  5459 | D:7      | Noticed Maggie
  5460 | D:7      | 5460 ||| PLANNING TEMPLE
  5478 | D:7      | HP: 1/46 [Maggie/+0 broad axe of flaming (15)]
  5478 | D:7      | Slain by Maggie

Levels and vault maps discovered:
D:1:      tekkud_arrival_beachfront_property, layout_basic,
          minmay_stone_trees_small, minmay_misc_feat_secret_circle
D:2:      kennysheep_big_flooded_room, layout_rooms, minmay_unequal,
          uniq_natasha
D:3:      layout_loops_corners, mainiacjoe_overflow_large_starburst,
          serial_bayou_pond_e, chequers_avenue
D:4:      layout_basic, mainiacjoe_overflow_divided_tiny, serial_rivers,
          chequers_serial_rivers_micro_a, chequers_serial_rivers_room_a,
          chequers_serial_rivers_room_b, chequers_serial_rivers_small_a,
          uniq_sigmund
D:5:      layout_basic
D:6:      layout_cave_pools, kennysheep_big_empty_room, minmay_manual_mess
D:7:      layout_basic, minmay_temple_entry_statues_pillars,
          gammafunk_ghost_grave, serial_shops, shop, grunt_ministairs_9,
          item_on_display_a, uniq_maggie

Skill      XL: |  1  2  3  4  5  6  7  8 |
---------------+-------------------------+-----
Ranged Weapons | 6 7 8 9 10 12 13 | 13.8
Dodging        | 3 4 |  4.9
Fighting       | 3 |  3.3
Armour         | 1 |  1.1
Stealth        | |  1.2

Action                     |  1- 3 |  4- 6 |  7- 9 || total
---------------------------+-------+-------+-------++-------
   Fire: Shortbow          |   124 |   171 |   247 ||   542
    Use: Scroll            |     2 |     8 |     1 ||    11
         Potion            |       |     2 |     2 ||     4
 Armour: Leather armour    |    15 |    17 |       ||    32
         Ring mail         |       |    17 |    87 ||   104
  Dodge: Dodged            |    23 |    46 |   107 ||   176

Table legend:
 A = Non-vault XP
 B = Vault XP
 C = Vault XP percentage of total XP
 D = Non-vault monster count
 E = Vault monster count
 F = Vault count percentage of total count
                 A         B        C        D         E       F
            +---------+---------+-------+---------+---------+-------
      Total |    1621 |     898 |  35.6 |     105 |      14 |  11.8
            +---------+---------+-------+---------+---------+-------
        D:1 |      41 |       0 |   0.0 |      25 |       0 |   0.0
        D:2 |      28 |      41 |  59.4 |      15 |       7 |  31.8
        D:3 |      73 |       0 |   0.0 |      18 |       0 |   0.0
        D:4 |     150 |     239 |  61.4 |      15 |       1 |   6.2
        D:5 |     506 |       0 |   0.0 |       9 |       0 |   0.0
        D:6 |     554 |     618 |  52.7 |      20 |       6 |  23.1
        D:7 |     269 |       0 |   0.0 |       3 |       0 |   0.0
            +---------+---------+-------+---------+---------+-------
